 Dungeon Sprint DCSS version 0.31-a0-986-g5e6e4ef867 (webtiles) character file.

Game seed: 2777495739816062361

405 sircluck the Grappler (level 6, -1/71 HPs)
             Began as a Troll Berserker on Nov 13, 2023.
             Was an Elder of Trog.
             Slain by a troll (8 damage)
             ... in the Dungeon (Sprint IX: "|||||||||||||||||||||||||||||").
             The game lasted 00:00:54 (116 turns).

sircluck the Grappler (Troll Berserker)              Turns: 116, Time: 00:00:55

Health: -1/71      AC:  4    Str: 31    XL:     6   Next: 56%
Magic:  5/5        EV: 12    Int:  3    God:    Trog [****..]
Gold:   0          SH:  0    Dex: 12    Spells: 5/5 levels left

rFire   . .          .
                       - Unarmed
rCold   . . .        (no shield)
rNeg    . . .        a - +0 animal skin
rPois   .            (helmet restricted)
rElec   .            (no cloak)
rCorr   .            (gloves unavailable)
SInv    .            (boots unavailable)
Will    .....        (no amulet)
Stlth   +            j - +3 ring of dexterity
HPRegen 1.11/turn    k - +3 ring of strength
MPRegen 0.09/turn

%: no teleportation
@: slowed, very slow
A: large, unfitting armour, claws 3, regeneration 1, shaggy fur 1, tough skin 1
a: Renounce Religion, Berserk, Trog's Hand, Brothers in Arms


You were in the Dungeon.
You worshipped Trog.
Trog was greatly pleased with you.
You visited 1 branch

Inventory:

Armour
 a - a +0 animal skin (worn)
Jewellery
 j - a +3 ring of dexterity (left claw)
 k - a +3 ring of strength (right claw)
Wands
 i - a wand of quicksilver (10)
Scrolls
 g - 2 scrolls of blinking
Potions
 b - 5 potions of curing
 c - 3 potions of heal wounds
 d - a potion of haste
 e - 4 potions of magic
 f - a potion of berserk rage
 h - a potion of invisibility


   Skills:
 + Level 7.4 Fighting
 + Level 7.3 Dodging
 + Level 8.8 Unarmed Combat


You had 5 spell levels left.
You didn't know any spells.
Your spell library was empty.

Dungeon Overview and Level Annotations

Branches:
Dungeon (1/1)

Altars:
Cheibriados
Dithmenos
Elyvilon
Fedhas
Gozag
Hepliaklqana
Kikubaaqudgha
Makhleb
Nemelex Xobeh
Okawaru
Qazlal
Ru
Sif Muna
Trog
Uskayaw
Vehumet
Wu Jian
Xom
Yredelemnul
Zin
The Shining One
Jiyva
Lugonu


Innate Abilities, Weirdness & Mutations

You are too large for most types of armour.
You have claws for hands.
Your natural rate of healing is unusually fast.
You are covered in fur. (AC +1)
You have tough skin. (AC +1)


Message History

The wraith is almost destroyed.
The wraith closely misses you.
You barely miss the wraith.
The wraith is almost destroyed.
The wraith hits you! The wraith drains your vigour!
You feel as though you will be slow longer.
You scratch the wraith but do no damage.
The wraith is almost destroyed.
The wraith hits you. The wraith drains your vigour!
You feel as though you will be slow longer.
The wraith hits you but does no damage.
You claw the wraith!
You destroy the wraith!
Trog accepts your kill.
Your Fighting skill increases to level 7!
Your Dodging skill increases to level 7!
Your Unarmed Combat skill increases to level 8!
You have reached level 6!
You feel stronger.
Unknown command.
You mangle the troll!!
The troll is severely wounded.
The troll bites you!!
* * * LOW HITPOINT WARNING * * *
The troll claws you.
* * * LOW HITPOINT WARNING * * *
The troll closely misses you.
Unknown command.
The troll attacks as it pursues you! The troll misses you.
The troll claws you but does no damage. The troll barely misses you.
The troll misses you. The troll claws you.
* * * LOW HITPOINT WARNING * * *
The troll closely misses you.
Unknown command.
Unknown command.
You scratch the troll.
The troll is severely wounded.
The troll bites you but does no damage. The troll closely misses you.
The troll claws you!
You die...

▓'▓
▓.▓
▓?▓
▓)▓
▓.▓
▓[▓
▓[▓
▓[▓
▓@▓
▓T▓
▓c▓
▓Y▓
▓.▓
▓.▓
▓.▓
▓.▓
▓.▓


You could see a yak, a troll and a centaur.

Vanquished Creatures
  2 wraiths (D)
  A killer bee (D)
  A hound (D)
  An iguana (D)
  3 orcs (D)
  3 goblins (D)
  A jackal (D)
  A ball python (D)
13 creatures vanquished.

Notes
Turn   | Place    | Note
-------+----------+-------------------------------------------
     0 | D        | sircluck the Troll Berserker began the quest for the Orb.
     0 | D        | Reached XP level 1. HP: 22/22 MP: 0/0
    11 | D        | Reached ** piety under Trog
    20 | D        | Noticed a hound
    20 | D        | Noticed an iguana
    25 | D        | Killed a hound
    26 | D        | Reached skill level 4 in Unarmed Combat
    26 | D        | Reached XP level 2. HP: 32/32 MP: 1/1
    26 | D        | Reached XP level 3. HP: 39/39 MP: 2/2
    28 | D        | Reached *** piety under Trog
    38 | D        | Reached skill level 5 in Unarmed Combat
    41 | D        | Reached XP level 4. HP: 33/49 MP: 3/3
    45 | D        | Found a snail-covered altar of Cheibriados.
    45 | D        | Found a shadowy altar of Dithmenos.
    45 | D        | Found a white marble altar of Elyvilon.
    45 | D        | Found a blossoming altar of Fedhas.
    45 | D        | Found an opulent altar of Gozag.
    46 | D        | Found a hazy altar of Hepliaklqana.
    47 | D        | Found a viscous altar of Jiyva.
    48 | D        | Found an ancient bone altar of Kikubaaqudgha.
    49 | D        | Found a corrupted altar of Lugonu.
    50 | D        | Found a burning altar of Makhleb.
    51 | D        | Found a sparkling altar of Nemelex Xobeh.
    52 | D        | Found an iron altar of Okawaru.
    53 | D        | Found a stormy altar of Qazlal.
    54 | D        | Found a sacrificial altar of Ru.
    55 | D        | Found a shimmering blue altar of Sif Muna.
    56 | D        | Found a bloodstained altar of Trog.
    57 | D        | Found a hide-covered altar of Uskayaw.
    58 | D        | Found a radiant altar of Vehumet.
    59 | D        | Found an ornate altar of the Wu Jian Council.
    60 | D        | Found a shimmering altar of Xom.
    61 | D        | Found a basalt altar of Yredelemnul.
    62 | D        | Found a glowing silver altar of Zin.
    63 | D        | Found a glowing golden altar of the Shining One.
    89 | D        | Noticed a wraith
    89 | D        | Noticed a wraith
    89 | D        | Noticed a centaur
    89 | D        | Noticed a troll
    89 | D        | Noticed a yak
    92 | D        | Reached **** piety under Trog
    93 | D        | Reached skill level 5 in Fighting
    93 | D        | Reached skill level 5 in Dodging
    93 | D        | Reached skill level 6 in Unarmed Combat
   105 | D        | Killed a wraith
   106 | D        | Reached skill level 7 in Unarmed Combat
   106 | D        | Reached XP level 5. HP: 27/61 MP: 4/4
   113 | D        | Killed a wraith
   114 | D        | Reached skill level 8 in Unarmed Combat
   114 | D        | Reached XP level 6. HP: 25/71 MP: 5/5
   116 | D        | Slain by a troll

Illustrated notes

Levels and vault maps discovered:
D:        linesprint [early_d, line_temple, items_1, d_10, items_2, lair_1,
          lair_end, items_3, orc_1, orc_end, items_4, d_15, swamp_1, shoals_1,
          snake_1, spider_1, d_20, vaults_1, items_5, swamp_end, shoals_end,
          snake_end, spider_end, vaults_end, d_27, items_6, zot_1, zot_end,
          crypt_end, forest_end, elf_end, slime_end, tomb_end, abyss_end,
          pan_hell_end]

Skill      XL: |  1  2  3  4  5 |
---------------+----------------+-----
Fighting       | 3 4 6 7 |  7.4
Dodging        | 3 4 6 7 |  7.3
Unarmed Combat | 4 5 7 8 |  8.8

Action                     |  1- 3 |  4- 6 || total
---------------------------+-------+-------++-------
  Melee: Unarmed           |    28 |    26 ||    54
         Punch             |     2 |     1 ||     3
 Armour: Animal skin       |    11 |    24 ||    35
  Dodge: Dodged            |    11 |    17 ||    28

Table legend: (Time is in decaauts)
 A = Elapsed time spent in this place.
 B = Non-inter-level travel time spent in this place.
 C = Inter-level travel time spent in this place.
 D = Time resting spent in this place.
 E = Time spent auto-exploring this place.
 F = Levels seen in this place.
 G = Mean time per level.
                   A        B        C        D        E       F      G
               +--------+--------+--------+--------+--------+-----+--------+
         Total |    119 |    119 |      0 |      0 |      0 |   1 |  119.0 |
       Dungeon |    119 |    119 |      0 |      0 |      0 |   1 |  119.0 |
               +--------+--------+--------+--------+--------+-----+--------+

Top non-repeatable levels by time:
       D: 119 daAuts
